 Dungeon Crawl Stone Soup version 0.27.0-1-g7a089689b8 (webtiles) character file.

Game seed: 14652059377929050510

296 Malachi the Magician (level 6, 0/60 HPs)
             Began as a Djinni Ice Elementalist on Aug 9, 2021.
             Slain by a black bear (3 damage)
             ... on level 4 of the Dungeon on Aug 10, 2021.
             The game lasted 00:17:56 (6242 turns).

Malachi the Magician (Djinni Ice Elementalist)      Turns: 6242, Time: 00:17:56

Health: 0/60       AC: 23    Str:  7    XL:     6   Next: 62%
Gold:   124        EV:  2    Int: 19    God:
                   SH:  0    Dex: 13

rFire    . . .     SeeInvis .   c - +2 dagger (drain)
rCold    . . .     Faith    .   (no shield)
rNeg     + + +     Spirit   .   (armour currently unavailable)
rPois    ∞         Reflect  .   (helmet currently unavailable)
rElec    .         Harm     .   (cloak currently unavailable)
rCorr    .         Rampage  .   (gloves currently unavailable)
Will     .....     NoTele   +   (boots unavailable)
Stlth    ++........             (no amulet)
HPRegen  0.20/turn              (no ring)
MPRegen  0.00/turn              (no ring)

@: tree-form
A: stationary, stasis, torment immunity, boosted hp, sickness immunity, (fire
resistance 2), (cold vulnerability 1), float, innate caster, hp casting, extra
vitality 1
a: no special abilities


You were on level 4 of the Dungeon.
You were a tree.
You visited 1 branch of the dungeon, and saw 4 of its levels.

You collected 124 gold pieces.

Inventory:

Hand Weapons
 c - a +2 dagger of draining (weapon)
Armour
 a - a +0 robe (melded)
 h - a +0 helmet of intelligence (melded)
Scrolls
 f - a scroll of enchant weapon {unknown}
 i - 4 scrolls of identify
 k - a scroll of silence {unknown}
 l - a scroll of summoning {unknown}
 m - a scroll of blinking {unknown}
Potions
 b - a potion of lignification
 d - 3 potions of berserk rage {unknown}
 e - a potion of ambrosia {unknown}
 g - 2 potions of attraction {unknown}
 j - a potion of heal wounds {unknown}


   Skills:
 + Level 0.1 Fighting
 + Level 0.4 Short Blades
 + Level 3.1 Dodging
 + Level 2.1 Stealth
 + Level 5.3 Spellcasting


You had one spell level left.
You knew the following spells:

 Your Spells              Type           Power      Damage    Failure   Level
a - Freeze                Ice            100%       1d11      1%          1
b - Frozen Ramparts       Ice            50%        1d7       4%          3
c - Ozocubu's Armour      Ice            25%        N/A       4%          3
d - Hailstorm             Conj/Ice       25%        3d7       13%         4
e - Apportation           Tloc           50%        N/A       1%          1
f - Poisonous Vapours     Pois/Air       50%        N/A       1%          2
Your spell library was empty.

Dungeon Overview and Level Annotations

Branches:
Dungeon (4/15)
 Temple: D:4-7

Altars:
Dithmenos
Kikubaaqudgha
Makhleb
Vehumet
Wu Jian
The Shining One

Shops:
D:2 ?


Innate Abilities, Weirdness & Mutations

You are a tree.
Your roots penetrate the ground, keeping you stationary.
You cannot be teleported.
You are immune to unholy pain and torment.
Your maximum health is greatly increased.
Your equipment is partially melded.
You are immune to sickness and miasma.
You are immune to poison.
((Your flesh is very heat resistant. (rF++)))
((You are vulnerable to cold. (rC-)))
You float through the air rather than walking.
You learn spells naturally, not from books.
Your magical power is your life essence.
You have superior vitality. (+4 HP)


Message History

Confirm with . or Enter, or press ? or * to list all spells.
The spell is quite dangerous to cast (11% risk of failure)!
Continue anyway?
Okay, then.
Casting: Hailstorm (quite dangerous; 11% risk of failure)
Confirm with . or Enter, or press ? or * to list all spells.
Aiming: Poisonous Vapours (safe; 1% risk of failure)
Press: ? - help, Dir - move target, f - black bear
Aim: a black bear Poisonous vapours surround the black bear!
The black bear is poisoned.
Casting: Poisonous Vapours (safe; 1% risk of failure)
Confirm with . or Enter, or press ? or * to list all spells.
Aiming: Poisonous Vapours (safe; 1% risk of failure)
Press: ? - help, Dir - move target, f/p - black bear
Aim: a black bear (very poisoned) Poisonous vapours surround the black bear!
The black bear looks as sick as possible!
Found a stone staircase leading down.
The black bear bites you. The black bear claws you. x2
The black bear goes berserk!
There is a stone staircase leading up here.
The black bear closely misses you. The black bear claws you. x2
The black bear bites you. The black bear closely misses you.
The black bear claws you. The black bear bites you!
* * * LOW HITPOINT WARNING * * *
The black bear completely misses you. The black bear claws you.
* * * LOW HITPOINT WARNING * * *
Really quaff the potion of lignification?
You turn into a tree.
Your +0 helmet of intelligence melds into your body.
Your +0 robe melds into your body.
You feel stupid.
Your roots penetrate the ground.
The black bear barely misses you.
The black bear claws you but does no damage. x2
You barely miss the black bear.
The black bear is almost dead.
The black bear bites you but does no damage.
The black bear claws you.
You die...

.. ... ...# ## ...##.#
. #....#######
..##.......#..#
..............##
.........#h♣...#
##......###.###
#.#......###...#
........<.##...####
..........##......#.
..........#.........#
#....................#
#.###.....##.#.......#
. #......#.........##


You could see a black bear (berserk, very poisoned).

Vanquished Creatures
  The ghost of Dann the Vexing, an amateur BaAM (D:3)
  2 iguanas
  Robin (D:2)
  3 gnolls (D:3)
  5 adders
  2 dart slugs
  5 bats
  7 endoplasms
  3 giant cockroaches
  15 goblins
  7 hobgoblins
  2 quokkas
  9 ball pythons
  3 frilled lizards
  8 kobolds
  8 rats
81 creatures vanquished.

Notes
Turn   | Place    | Note
-------+----------+-------------------------------------------
     0 | D:1      | Malachi the Djinni Ice Elementalist began the quest for the
                  | Orb.
     0 | D:1      | Reached XP level 1. HP: 15/15 MP: 0/0
   297 | D:1      | Reached XP level 2. HP: 20/21 MP: 0/0
   958 | D:1      | Reached XP level 3. HP: 21/25 MP: 0/0
   958 | D:1      | Learned a level 1 spell: Apportation
  2026 | D:1      | Reached skill level 4 in Spellcasting
  2573 | D:2      | Found a faded altar of an unknown god.
  2821 | D:2      | Reached XP level 4. HP: 25/31 MP: 0/0
  3189 | D:2      | Found Atal's Magic Scroll Boutique.
  3717 | D:2      | Noticed Robin
  3725 | D:2      | Reached XP level 5. HP: 20/35 MP: 0/0
  3725 | D:2      | Learned a level 2 spell: Poisonous Vapours
  3731 | D:2      | Killed Robin
  4631 | D:3      | Found a shadowy altar of Dithmenos.
  4649 | D:3      | Found a glowing golden altar of the Shining One.
  4785 | D:3      | Found a burning altar of Makhleb.
  4800 | D:3      | Found an ornate altar of the Wu Jian Council.
  4970 | D:3      | Reached XP level 6. HP: 22/40 MP: 0/0
  5084 | D:3      | Reached skill level 5 in Spellcasting
  5412 | D:3      | Found a runed translucent gate.
  5412 | D:3      | Found a runed translucent gate.
  5413 | D:3      | Found a runed translucent gate.
  5414 | D:3      | Noticed Dann's ghost (amateur BaAM)
  6012 | D:3      | Killed Dann's ghost
  6214 | D:4      | Noticed a black bear
  6240 | D:4      | HP: 1/40 [black bear (2)]
  6242 | D:4      | Slain by a black bear

Illustrated notes

Levels and vault maps discovered:
D:1:      doesnt_arrival_eight_statues, layout_basic, minmay_tripent
D:2:      layout_basic, shapermc_ecumenical_altar_mp_ritualfount, serial_shops,
          shop, kennysheep_generic_room_16, uniq_robin
D:3:      minmay_wonky_spiral, layout_basic, amcnicky_altar_gilded, minitemple,
          gammafunk_ghost_split, saegor_snake_ambush
D:4:      layout_cave_pools, minmay_temple_entry_fiery

Skill      XL: |  1  2  3  4  5  6 |
---------------+-------------------+-----
Spellcasting   | 4 5 |  5.3
Stealth        | 2 |  2.1
Dodging        | 3 |  3.1
Fighting       | |  0.1
Short Blades   | |  0.4

Action                   |  1- 3 |  4- 6 || total
-------------------------+-------+-------++-------
Melee: Unarmed           |     1 |       ||     1
       Dagger            |     2 |     9 ||    11
 Cast: Freeze            |    60 |    48 ||   108
       Ozocubu's Armour  |     2 |     7 ||     9
       Frozen Ramparts   |       |     7 ||     7
       Hailstorm         |       |     3 ||     3
       Poisonous Vapours |       |    13 ||    13
  Use: Scroll            |     2 |       ||     2
       Potion            |       |     1 ||     1
Armor: Robe              |    11 |    21 ||    32
       Skin              |       |     3 ||     3
Dodge: Dodged            |    23 |    34 ||    57
